 Dungeon Crawl Stone Soup version 0.19.0-22-gd96e5fe (webtiles) character file.

28067 Krapule the Fighter (level 13, -8/265 HPs)
             Began as a Minotaur Fighter on Nov 18, 2016.
             Was a High Priest of the Shining One.
             Mangled by an orc warrior
             ... wielding a +0 battleaxe of distortion
             ... led by an orc knight
              (12 damage)
             ... on level 10 of the Dungeon.
             The game lasted 00:58:51 (16181 turns).

Krapule the Fighter (Minotaur Fighter)             Turns: 16181, Time: 00:58:51

Health: -8/265     AC: 26    Str: 27    XL:     13   Next: 7%
Magic:  6/19       EV:  2    Int:  8    God:    the Shining One [*****.]
Gold:   1420       SH: 13    Dex: 11    Spells: 0 memorised, 12 levels left

rFire  . . .     SeeInvis .     L - +3 long sword (curse)
rCold  . . .     Gourm    .     (armour currently unavailable)
rNeg   + + +     Faith    .     c - +0 shield
rPois  +         Spirit   .     (helmet currently unavailable)
rElec  .         Reflect  .     (cloak currently unavailable)
rCorr  +         Harm     .     (gloves currently unavailable)
MR     .....     NoTele   +     (boots currently unavailable)
Stlth  ..........               (no amulet)
                                W - ring of resist corrosion
                                r - ring of positive energy

@: berserking (expiring), tree-form, glowing, very quick
A: (retaliatory headbutt), (horns 0)
a: Divine Shield, Cleansing Flame, Summon Divine Warrior, Renounce Religion


You were on level 10 of the Dungeon.
You worshipped the Shining One.
The Shining One was extremely pleased with you.
You were hungry.
You were a tree.
You visited 2 branches of the dungeon, and saw 13 of its levels.
You visited the Abyss 1 time.

You collected 1420 gold pieces.

Inventory:

Hand Weapons
 a - a +1 long sword
 w - a cursed +3 long sword
 E - a +0 hand crossbow of freezing
 L - a cursed +3 long sword (weapon)
 U - a +3 long sword
Armour
 c - a +0 shield (worn)
 g - +0 ice dragon scales
 A - a +0 pair of boots (melded)
 I - a +0 crystal plate armour (melded)
 K - a +2 pair of gloves (melded)
 O - a +1 cloak (melded)
Jewellery
 r - a ring of positive energy (left branch)
 H - an uncursed ring of fire
 W - a ring of resist corrosion (right branch)
Wands
 y - a wand of flame (24/48)
 z - a wand of hasting (0/9)
 P - a wand of confusion (27/48)
 Q - a wand of acid (7/15)
 T - a wand of acid (3/15)
Scrolls
 b - 4 scrolls of enchant armour {unknown}
 h - 4 scrolls of enchant weapon {unknown}
 l - 3 scrolls of fog
 m - 3 scrolls of noise {unknown}
 n - 4 scrolls of recharging {unknown}
 o - 14 scrolls of remove curse {unknown}
 t - 4 scrolls of teleportation {unknown}
 v - 2 scrolls of magic mapping {unknown}
 x - 2 scrolls of amnesia {unknown}
 B - 2 scrolls of blinking {unknown}
 M - a scroll of fear {unknown}
 S - a scroll of random uselessness {unknown}
 X - a scroll of vulnerability {unknown}
Potions
 d - 3 potions of might
 e - 3 potions of curing
 i - 2 potions of magic
 k - 2 potions of resistance
 q - 2 potions of brilliance
 s - 2 potions of agility
 R - a potion of berserk rage
Books
 p - a book of Enchantments

   Spells                             Type                      Level
   a - Cause Fear                     Hexes                        4
   b - Yara's Violent Unravelling     Hexes/Transmutation          5
   c - Silence                        Hexes/Air                    5
   d - Deflect Missiles               Charms/Air                   6
   e - Discord                        Hexes                        8
 C - a book of Debilitation

   Spells                             Type                      Level
   a - Corona                         Hexes                        1
   b - Slow                           Hexes                        2
   c - Gell's Gravitas                Hexes/Translocation          3
   d - Inner Flame                    Hexes/Fire                   3
   e - Cause Fear                     Hexes                        4
   f - Leda's Liquefaction            Hexes/Earth                  4
 D - a book of Conjurations

   Spells                             Type                      Level
   a - Magic Dart                     Conjuration                  1
   b - Searing Ray                    Conjuration                  2
   c - Dazzling Spray                 Conjuration/Hexes            3
   d - Fulminant Prism                Conjuration/Hexes            4
   e - Iskenderun's Mystic Blast      Conjuration                  4
   f - Iskenderun's Battlesphere      Conjuration/Charms           5
 J - Lehudib's Tome of the Mountains
   (You found it on level 8 of the Dungeon)

   Spells                             Type                      Level
   a - Bolt of Magma                  Conjuration/Fire/Earth       5
   b - Iron Shot                      Conjuration/Earth            6
   c - Shatter                        Earth                        9
 N - a book of Minor Magic

   Spells                             Type                      Level
   a - Magic Dart                     Conjuration                  1
   b - Blink                          Translocation                2
   c - Call Imp                       Summoning                    2
   d - Repel Missiles                 Charms/Air                   2
   e - Slow                           Hexes                        2
   f - Conjure Flame                  Conjuration/Fire             3
   g - Mephitic Cloud                 Conjuration/Poison/Air       3
Miscellaneous
 Z - a phantom mirror
Comestibles
 f - 10 bread rations
 j - 9 beef jerkies
 u - 4 meat rations
 F - 5 fruits


   Skills:
 + Level 12.0 Fighting
 - Level 10.0 Long Blades
 + Level 11.9 Armour
 - Level 6.0 Dodging
 + Level 11.6 Shields
 + Level 9.5 Invocations
 - Level 6.0 Evocations


You had 12 spell levels left.
You didn't know any spells.

Dungeon Overview and Level Annotations

Branches:
Dungeon (11/15)            Temple (0/1) D:4            Lair (0/6) D:11
    Orc (2/2) D:10            Elf (0/3) Orc:2

Altars:
Dithmenos
Elyvilon
Hepliaklqana
Nemelex Xobeh
Qazlal
Ru
Sif Muna
Trog
Uskayaw
Vehumet
Xom
Yredelemnul
Zin
The Shining One
Beogh

Shops:
D:5 :   Orc:2 %%

Annotations:
D:5 exclusion: statue


Innate Abilities, Weirdness & Mutations

((You reflexively headbutt those who attack you in melee.))
((You have a pair of horns on your head.))


Message History

* * * LOW HITPOINT WARNING * * *
The troll claws you but does no damage.
The orc warrior hits you but does no damage.
You hit the troll.
The troll is heavily wounded.
The troll bites you.
* * * LOW HITPOINT WARNING * * *
You block the troll's attack. x2
You are too berserk!
You slash the troll!
The troll is almost dead.
You block the orc warrior's attack.
You slice the troll!!
You kill the troll!
You are too berserk!
You block the orc warrior's attack.
You slash the orc warrior!
The orc warrior is heavily wounded.
The orc warrior hits you with a battleaxe of distortion!
You die...

#...<.# #........#
#.#..< ####.######
#....)..## #.#..#
##....#....#
#.......# ##.#..#
......+....#
#.......######.....#
....)##....#
#.......'..#....##.#
.....#.....#
#..h....##.#.#.###.#
........(..#
###o#'####.#.#.# #.#
.......#.### #)#.#
#)#...###.#
##.#.#.#...# #♣#.#
#.........#
#.#.#.###.# #o#.#
###########
##.#.#.###.# #§#.#
...#.#.....#####.#.#
####.########....#.#
.###.# #.####.#
.....# #.# #.#
.##### #.####.# .#
#...##.#


You could see 2 orc warriors and a black bear.

Vanquished Creatures
  Josephine (D:11)
  Fannar (D:11)
  An orc high priest (D:10)
  Pikel (D:4)
  A hill giant (D:11)
  6 orc knights
  2 orc sorcerers
  A worldbinder (Abyss:2)
  A slime creature (D:11)
  2 cyclopes
  Maurice (D:9)
  A guardian serpent (D:10)
  12 trolls
  5 two-headed ogres
  2 hippogriffs
  5 wraiths (D:11)
  A spriggan (D:7)
  A wyvern (D:10)
  12 yaks
  A vampire (D:11)
  A hungry ghost (D:10)
  4 wargs
  A water moccasin (D:8)
  A slave (D:3)
  23 orc warriors
  4 ice beasts
  3 sky beasts
  A black bear (D:11)
  11 ogres
  3 phantoms
  3 centaurs (D:9)
  An eye of draining (D:11)
  2 crocodiles (D:11)
  5 bullfrogs
  A wyvern skeleton (D:10)
  3 scorpions (D:11)
  14 killer bees
  7 wights
  6 howler monkeys (D:7)
  6 crimson imps
  A bullfrog zombie (D:10)
  A quasit (D:11)
  4 centaur zombies
  19 orc priests
  4 hounds
  5 bullfrog skeletons
  3 jellies
  2 gnoll shamans
  19 orc wizards
  2 iguanas
  5 worker ants
  2 worker ant zombies (D:5)
  6 gnolls
  14 adders
  5 river rats
  4 shadow imps
  A white imp (D:7)
  An adder skeleton (D:9)
  2 worms
  2 dart slugs (D:3)
  9 leopard geckos
  107 orcs
  14 bats
  8 giant cockroaches
  13 goblins
  8 hobgoblins
  15 jackals
  7 kobolds
  8 quokkas
  2 ball pythons
  8 frilled lizards
  2 leopard gecko skeletons (D:5)
  A leopard gecko zombie (D:8)
  14 rats
476 creatures vanquished.

Vanquished Creatures (collateral kills)
  An orc warlord (Orc:2)
  An ettin (Orc:2)
  An orc knight (Orc:2)
  2 orc sorcerers (Orc:2)
  A troll (Orc:2)
  2 wargs (Orc:2)
  7 orc warriors (Orc:2)
  3 ogres (Orc:2)
  6 orc priests (Orc:2)
  2 orc wizards (Orc:2)
  6 orcs (Orc:2)
32 creatures vanquished.

Vanquished Creatures (others)
  A rat (D:2)
  3 fungi (D:11)
4 creatures vanquished.

Grand Total: 512 creatures vanquished

Notes
Turn   | Place    | Note
-------+----------+-------------------------------------------
     0 | D:1      | Krapule the Minotaur Fighter began the quest for the Orb.
     0 | D:1      | Reached XP level 1. HP: 19/19 MP: 0/0
    65 | D:1      | Reached skill level 4 in Fighting
    73 | D:1      | Reached XP level 2. HP: 21/27 MP: 1/1
   138 | D:1      | Reached skill level 1 in Dodging
   303 | D:1      | Reached XP level 3. HP: 33/33 MP: 2/2
   550 | D:2      | Found a shimmering altar of Xom.
   551 | D:2      | Found a hazy altar of Hepliaklqana.
   551 | D:2      | Noticed a yak
   555 | D:2      | Noticed a yak
   555 | D:2      | Noticed a spectral ugly thing
   754 | D:2      | Reached XP level 4. HP: 41/41 MP: 3/3
   755 | D:2      | Found a white marble altar of Elyvilon.
   778 | D:2      | Found a glowing golden altar of the Shining One.
   787 | D:2      | Found a basalt altar of Yredelemnul.
   789 | D:2      | Noticed a profane servitor
   796 | D:2      | Noticed an angel
   807 | D:2      | Became a worshipper of the Shining One
  1661 | D:3      | Reached XP level 5. HP: 47/47 MP: 4/4
  1713 | D:3      | Found a hide-covered altar of Uskayaw.
  2572 | D:4      | HP: 2/47 [orc priest/divine providence (8)]
  2875 | D:4      | Reached skill level 5 in Fighting
  2875 | D:4      | Reached skill level 1 in Invocations
  2892 | D:4      | Found a staircase to the Ecumenical Temple.
  3059 | D:4      | Reached XP level 6. HP: 55/56 MP: 6/6
  3159 | D:4      | Noticed a slave
  3187 | D:3      | Killed a slave
  3262 | D:4      | Noticed Pikel
  3336 | D:5      | Entered Level 5 of the Dungeon
  3390 | D:5      | Reached * piety under the Shining One
  3400 | D:5      | Found Vucrucij's Book Emporium.
  3420 | D:5      | Found a deep blue altar of Sif Muna.
  3424 | D:5      | Found a shadowy altar of Dithmenos.
  3424 | D:5      | Found a glowing silver altar of Zin.
  3482 | D:5      | Found a radiant altar of Vehumet.
  3493 | D:5      | Reached skill level 5 in Armour
  3522 | D:5      | Noticed a sky beast
  3528 | D:5      | Killed a sky beast
  3580 | D:5      | Reached XP level 7. HP: 59/61 MP: 7/7
  3659 | D:5      | Found a sacrificial altar of Ru.
  3943 | D:5      | Reached skill level 5 in Shields
  3949 | D:5      | Found a stormy altar of Qazlal.
  3952 | D:5      | Noticed a water elemental
  3952 | D:5      | Noticed an air elemental
  3952 | D:5      | Noticed a fire elemental
  4506 | D:4      | Killed Pikel
  4506 | D:4      | Reached skill level 6 in Fighting
  4506 | D:4      | Reached skill level 5 in Long Blades
  4506 | D:4      | Reached XP level 8. HP: 59/71 MP: 7/9
  4843 | D:6      | Reached ** piety under the Shining One
  5225 | D:6      | Reached skill level 7 in Fighting
  5306 | D:7      | Noticed a hippogriff
  5314 | D:7      | Killed a hippogriff
  5352 | D:7      | Reached XP level 9. HP: 61/79 MP: 11/11
  5549 | D:7      | Reached skill level 5 in Dodging
  5988 | D:8      | Found a sparkling altar of Nemelex Xobeh.
  6013 | D:8      | Reached *** piety under the Shining One
  6032 | D:8      | Reached skill level 8 in Fighting
  6197 | D:8      | Identified Lehudib's Tome of the Mountains
  6264 | D:8      | Found a bloodstained altar of Trog.
  6290 | D:8      | Reached skill level 5 in Invocations
  6535 | D:8      | Reached skill level 1 in Evocations
  7008 | D:9      | Found a shimmering altar of Xom.
  7008 | D:9      | Found a shimmering altar of Xom.
  7009 | D:9      | Found a shimmering altar of Xom.
  7028 | D:9      | Reached XP level 10. HP: 89/90 MP: 12/12
  7161 | D:9      | Noticed a cyclops
  7199 | D:9      | Killed a cyclops
  7290 | D:9      | Found a shimmering altar of Xom.
  7290 | D:9      | Found a shimmering altar of Xom.
  7292 | D:9      | Found a shimmering altar of Xom.
  7292 | D:9      | Found a shimmering altar of Xom.
  7292 | D:9      | Found a shimmering altar of Xom.
  7389 | D:9      | Noticed Maurice
  7405 | D:9      | Killed Maurice
  7816 | D:10     | Entered Level 10 of the Dungeon
  7850 | D:10     | Found a staircase to the Orcish Mines.
  7923 | D:10     | Reached skill level 9 in Fighting
  8155 | D:10     | Reached **** piety under the Shining One
  8346 | D:10     | Reached XP level 11. HP: 69/97 MP: 14/14
  8499 | D:11     | Noticed an orc knight
  8501 | D:11     | Noticed an orc sorcerer
  8834 | Orc:1    | Entered Level 1 of the Orcish Mines
  8843 | Orc:1    | Noticed an orc high priest
  8873 | D:10     | Killed an orc high priest
  9373 | Orc:2    | Entered Level 2 of the Orcish Mines
 10329 | Orc:2    | Reached skill level 10 in Fighting
 10622 | Orc:2    | Noticed an orc knight
 10802 | Orc:2    | Killed an orc knight
 11080 | Orc:2    | Reached skill level 10 in Armour
 11224 | Orc:2    | Noticed an orc knight
 11487 | Orc:1    | Killed an orc knight
 11607 | Orc:2    | Noticed an orc knight
 11662 | Orc:1    | Killed an orc knight
 11662 | Orc:1    | Reached skill level 10 in Shields
 12006 | Orc:2    | Noticed an ettin
 12018 | Orc:2    | The Shining One protects you from harm!
 12829 | D:10     | Killed an orc knight
 12829 | D:10     | Reached skill level 5 in Evocations
 12843 | D:10     | Killed an orc sorcerer
 12978 | D:11     | Noticed a hill giant
 13027 | D:10     | Reached skill level 10 in Long Blades
 13027 | D:10     | Reached XP level 12. HP: 107/107 MP: 16/16
 13436 | D:11     | Noticed Fannar
 13514 | D:11     | Killed Fannar
 13751 | D:11     | Reached skill level 11 in Fighting
 14116 | D:11     | Reached ***** piety under the Shining One
 14341 | D:11     | Found a staircase to the Lair.
 14454 | D:11     | Noticed Josephine
 14471 | D:11     | Killed Josephine
 14796 | Orc:2    | Killed an ettin
 15384 | Orc:2    | Found a staircase to the Elven Halls.
 15452 | Orc:2    | Paralysed by an orc sorcerer for 5 turns
 15545 | Orc:2    | Found a roughly hewn altar of Beogh.
 15650 | Orc:2    | Found Fiubbu's Food Emporium.
 15661 | Orc:2    | Found Muihank's Food Shoppe.
 15760 | Orc:2    | Noticed an orc warlord
 15773 | Orc:2    | Killed an orc warlord
 15773 | Orc:2    | Reached XP level 13. HP: 86/117 MP: 15/19
 16072 | Orc:1    | Cast into level 2 of the Abyss (orc warrior)
 16119 | Abyss:2  | Reached skill level 12 in Fighting
 16154 | Orc:1    | Escaped the Abyss
 16172 | D:10     | HP: 10/265 [troll[an orc knight] (7)]
 16177 | D:10     | HP: 3/265 [troll[an orc knight] (2)]
 16181 | D:10     | Mangled by an orc warrior

Skill      XL: |  1  2  3  4  5  6  7  8  9 10 11 12 13 |
---------------+----------------------------------------+-----
Fighting       | 4 5 6 7 8 9 10 11 12 | 12.0
Dodging        | 1 2 3 4 6 |  6.0
Armour         | 4 5 6 7 9 10 11 | 11.9
Long Blades    | 3 4 5 6 7 8 10 | 10.0
Shields        | 4 5 6 7 8 10 11 | 11.6
Invocations    | 1 2 3 4 5 6 7 9 |  9.5
Evocations     | 1 3 5 6 |  6.0

Action                   |  1- 3 |  4- 6 |  7- 9 | 10-12 | 13-15 || total
-------------------------+-------+-------+-------+-------+-------++-------
Melee: Long sword        |   104 |   220 |   359 |  1068 |    48 ||  1799
       Headbutt          |    12 |    55 |    73 |   233 |     8 ||   381
Invok: Divine Shield     |       |       |       |     4 |       ||     4
       Summon Divine War |       |       |       |     2 |     2 ||     4
Evoke: Wand              |       |       |       |     1 |       ||     1
  Use: Scroll            |       |     5 |     3 |     2 |     2 ||    12
       Potion            |       |       |       |     2 |     3 ||     5
  Eat: Chunk             |       |     9 |    12 |    28 |     2 ||    51
       Pizza             |       |       |       |     1 |       ||     1
Armor: Scale mail        |    48 |    28 |       |       |       ||    76
       Ice dragon scales |       |    59 |    57 |    19 |       ||   135
       Crystal plate arm |       |       |   129 |   556 |    35 ||   720
       Skin              |       |       |       |       |    23 ||    23
Dodge: Dodged            |    38 |    75 |    61 |   206 |    15 ||   395
Block: Shield            |    45 |   106 |   185 |   670 |    61 ||  1067
       Rpst.: Long sword |    12 |    16 |    27 |    45 |     2 ||   102
